AoeStats
← [RAT] G0rm

Lombardia

508525445Analyzed
3v3 RM · 10d ago on Sep 22, 2026· 36m 17s· 6 players
Game mode
Random Map
Map size
Normal (6 player)
Population
200
Speed
Normal
Resources
Standard
Victory
Conquest
Starting age
Dark Age
Ending age
Imperial Age
RankedLock teamsTeams togetherTeam positionsShared explorationLock speedFull tech treeHidden civsTurbo modeCheats
Victory
Defeat
🇫🇷 Khmer · France
1850
+5
🇩🇰 Magyars · Denmark
1724
+9
🇧🇴 Huns · Bolivia
1724
+9
🇺🇸 Random · United States
1630
-10
🇳🇱 Random · Netherlands
1535
-7
🇷🇴 Japanese · Romania
1493
-6
=)Svanhilde
10:29 Feudal Age
13:25 Castle Age
11:20 Double-Bit Axe
11:35 Horse Collar
14:17 Bow Saw
18:16 Wheelbarrow
19:23 Heavy Plow
23:05 Gold Mining
23:37 Bloodlines
25:05 Loom
25:30 Husbandry
27:39 Scale Barding Armor
27:45 Forging
28:13 Tusk Swords
30:54 Imperial Age
29:38 Chain Barding Armor
31:16 Iron Casting
30:56 Capped Ram
30:57 Elite Battle Elephant
32:14 Plate Barding Armor
31:50 Siege Ram
34:45 Blast Furnace
CristinaLover
8:26 Loom
10:11 Feudal Age
12:31 Double-Bit Axe
16:25 Castle Age
14:15 Horse Collar
17:32 Bow Saw
17:48 Fletching
21:33 Bodkin Arrow
24:11 Ballistics
25:29 Wheelbarrow
26:01 Bloodlines
26:51 Heavy Plow
27:55 Thumb Ring
28:05 Gold Mining
32:50 Imperial Age
30:51 Padded Archer Armor
31:16 Hand Cart
31:35 Stone Mining
32:51 Husbandry
33:34 Bracer
32:55 Heavy Cavalry Archer
34:33 Parthian Tactics
NOBLE FLAMIGO
6:30 Loom
8:26 Feudal Age
9:27 Double-Bit Axe
19:50 Castle Age
18:51 Bloodlines
18:51 Fletching
18:53 Horse Collar
20:40 Bodkin Arrow
23:21 Padded Archer Armor
24:32 Ballistics
24:24 Bow Saw
26:24 Husbandry
26:23 Town Watch
36:04 Wheelbarrow
38:55 Imperial Age
36:54 Leather Archer Armor
36:51 Heavy Plow
optimal_brain_damage
9:01 Feudal Age
7:57 Loom
10:16 Double-Bit Axe
11:50 Horse Collar
13:20 Bloodlines
20:30 Castle Age
19:43 Forging
20:07 Scale Barding Armor
21:27 Bow Saw
21:18 Heavy Plow
20:47 Light Cavalry
22:35 Wheelbarrow
22:49 Chain Barding Armor
23:05 Gold Mining
24:27 Iron Casting
24:32 Husbandry
29:32 Hand Cart
30:44 Stone Mining
35:32 Imperial Age
32:48 Pikeman
33:28 Squires
33:35 Scale Mail Armor
33:35 Arson
34:32 Chain Mail Armor
[RAT] Havik_AoE
6:22 Loom
9:10 Feudal Age
11:06 Double-Bit Axe
12:17 Fletching
19:11 Castle Age
18:11 Horse Collar
19:37 Crossbowman
20:12 Bodkin Arrow
22:39 Wheelbarrow
25:56 Bow Saw
28:54 Ballistics
30:53 Heavy Plow
32:09 Hand Cart
[RAT] G0rm
6:24 Loom
9:04 Feudal Age
12:51 Fletching
15:04 Double-Bit Axe
19:06 Horse Collar
20:09 Wheelbarrow
24:21 Castle Age
23:36 Padded Archer Armor
26:09 Hand Cart
26:20 Bow Saw
28:11 Gold Mining
29:08 Ballistics
29:19 Bodkin Arrow
30:20 Town Watch
Connection lost

Rejoining the realm…

Still unreachable

The connection could not be restored.

Session expired

The server has moved on; the page needs a fresh start.